Unix NetHack Version 5.0.0-0 post-release - last build Jun 10 2026 00:39:30 (3ee93aec679c4c4259841fe613dc97188e26a321,branch:main).

Game began 2026-06-29 12:08:08, ended 2026-06-29 12:29:22.

Ch3Begorrah, chaotic male human Rogue

   -----|---
   |..a@daa|
   |..aaa.a|
   |......(|
   |....a..|
   ---------

Ch3Begorrah the Cutpurse  St:8 Dx:17 Co:18 In:9 Wi:10 Ch:13  Chaotic
Dlvl:7  $:163 HP:0(50) Pw:27(27) AC:3  Xp:5 T:3170  Fainted  Burdened Deaf

Latest messages:
 You hear someone counting gold coins.
 You descend the stairs.
 The little dog misses the killer bee.
 What do you want to eat? [Q or ?*] ?
 This fortune cookie is delicious!
 You faint from lack of food.
 The little dog misses the killer bee.
 The killer bee misses!
 The killer bee misses!
 The killer bee stings!
 The killer bee stings!
 The little dog misses the killer bee.
 The killer bee stings!
 The killer bee stings!
 The killer bee stings!
 The killer bee stings!
 The little dog misses the killer bee.
 The killer bee misses!
 The killer bee just misses!
 The killer bee stings!
 The killer bee's sting was poisoned!
 The little dog misses the killer bee.
 The killer bee stings!
 The killer bee stings!
 The killer bee stings!
 The killer bee stings!
 The killer bee's sting was poisoned!
 Your movements are slowed slightly because of your load.
 You dream that you feel weaker!
 The killer bee stings!
 The killer bee stings!
 The killer bee stings!
 The little dog misses the killer bee.
 The killer bee stings!
 The killer bee stings!
 The killer bee stings!
 The killer bee stings!
 The little dog misses the killer bee.
 The killer bee stings!
 The killer bee misses!
 The little dog misses the killer bee.
 The killer bee misses!
 The killer bee stings!
 The killer bee misses!
 The killer bee stings!
 The killer bee stings!
 The killer bee stings!
 The killer bee stings!
 You die...
 Do you want your possessions identified? [ynq] (y) q

Inventory:
 Coins    ('$')
  $ - 163 gold pieces
 Weapons  (')')
  r - 7 blessed +0 arrows
  o - 2 +0 arrows
  k - a cursed +0 sling
  A - 9 +3 darts
  l - 6 +0 darts
  b - a +0 dagger (weapon in right hand)
  U - 6 +0 daggers (at the ready)
  n - a +0 orcish dagger
  D - a cursed +0 orcish dagger
  a - a +0 short sword (alternate weapon; not wielded)
 Armor    ('[')
  t - a cursed -1 dunce cap
  J - a cursed -1 dwarvish iron helm
  x - an uncursed +0 orcish helm
  p - a cursed +0 orcish helm (being worn)
  I - an uncursed +0 pair of iron shoes (being worn)
  E - an uncursed very burnt +1 dwarvish cloak (being worn)
  c - an uncursed +1 leather armor (being worn)
 Scrolls  ('?')
  S - 3 uncursed scrolls of blank paper
  y - a cursed scroll of confuse monster
  P - an uncursed scroll of create monster
  T - a blessed scroll of enchant weapon named ok
  j - an uncursed scroll of identify named ok
  v - an uncursed scroll of remove curse named ok
  m - an uncursed scroll of teleportation
 Potions  ('!')
  B - a cursed potion of gain energy
  C - 6 uncursed potions of healing
  d - an uncursed potion of sickness
 Rings    ('=')
  H - an uncursed ring of cold resistance named ok
  F - a blessed +1 ring of gain strength
  G - a blessed +1 ring of protection named ok
 Tools    ('(')
  f - an empty uncursed sack
  z - an uncursed blindfold named ok
  e - an uncursed lock pick
 Gems/Stones  ('*')
  q - an uncursed worthless piece of green glass
  R - an uncursed worthless piece of white glass
  i - 2 uncursed worthless pieces of yellow glass

Ch3Begorrah the Rogue's attributes:

Background:
 You were a Cutpurse, a level 5 male human Rogue.
 You were chaotic, nominally on a mission for Kos
 who was opposed by Issek (lawful) and Mog (neutral).
 You were right-handed.
 You were in the Dungeons of Doom, on level 7.
 You entered the dungeon 3170 turns ago.
 There was a full moon in effect when your adventure ended.
 You had 206 experience points, 114 more were needed to attain level 6.

Basics:
 You had 0 out of 50 hit points.
 You had all 27 energy points (spell power).
 Your armor class was 3.
 Your wallet contained 163 zorkmids.
 Autopickup was on for '$!/(' plus thrown, with exceptions.

Final Characteristics:
 Your strength was 8 (base:9, peak:11, limit:18/100).
 Your dexterity was 17 (limit:18).
 Your constitution was 18 (limit:18).
 Your intelligence was 9 (limit:18).
 Your wisdom was 10 (limit:18).
 Your charisma was 13 (limit:18).

Final Status:
 You were deaf.
 You were fainted due to starvation.
 You were burdened; movement was slightly slowed.
 You were wielding a dagger.
 You had basic skill with dagger and could have enhanced that.

Final Attributes:
 You were piously aligned.
 Your items were somewhat protected from fire.
 Your items were somewhat protected from cold.
 You were stealthy.
 You were warded.
 You were lucky.
 You are dead.

Miscellaneous:
 You encountered 2 bones levels.
 Total elapsed playing time was 21 minutes and 14 seconds.

Major events:
 Turn
    1: Ch3Begorrah the chaotic male human Rogue entered the dungeon
 1052: attained the rank of Cutpurse (level 3)
 3170: killed by a killer bee, while fainted from lack of food

You didn't know any spells.

Skills:
 Fighting Skills
   bare handed combat [Unskilled]
   two weapon combat  [Unskilled]
   riding             [Unskilled]
 Weapon Skills
   dagger             [Basic]
   knife              [Unskilled]
   short sword        [Basic]
   broadsword         [Unskilled]
   long sword         [Unskilled]
   two-handed sword   [Unskilled]
   saber              [Unskilled]
   club               [Unskilled]
   mace               [Unskilled]
   morning star       [Unskilled]
   flail              [Unskilled]
   hammer             [Unskilled]
   polearms           [Unskilled]
   spear              [Unskilled]
   crossbow           [Unskilled]
   dart               [Unskilled]
   shuriken           [Unskilled]
 Spellcasting Skills
   divination spells  [Unskilled]
   escape spells      [Unskilled]
   matter spells      [Unskilled]

Voluntary challenges:
 Character rerolling was not enabled.
 You were vegetarian.
 You were an atheist.
 You never genocided any monsters.
 You never polymorphed an object.
 You never changed form.
 You used no wishes.
Achievements:
 You attained the rank of Cutpurse.
 You entered a shop.

 The Dungeons of Doom: levels 1 to 7
    Level 1:
       A fountain.
    Level 2:
    Level 3:
    Level 4:
       A ring shop.
    Level 5:
       A sink.
    Level 6:
       Some graves.
       Final resting place for
          pots164-Kni-Hum-Fem-Law, slipped while mounting a saddled horse.
    Level 7: <- You were here.
       Final resting place for
          you, killed by a killer bee, while fainted from lack of food,
          nottabird-Bar-Orc-Fem-Cha, killed by a killer bee.


Vanquished creatures:
  a rock mole
  a shrieker
  a paper golem
  4 floating eyes
  a dwarf
  a kobold leader
  a hill orc
  2 giant bats
 an orc zombie
  a wererat
  2 large kobolds
  a hobgoblin
  2 giant rats
  a brown mold
  3 yellow molds
  a green mold
  a red mold
  a gnome
  3 gnome zombies
  4 geckos
  2 jackals
  2 foxes
  2 goblins
  a grid bug
  2 bats
  5 lichens
  5 newts
52 creatures vanquished.

No species were genocided or became extinct.

Game over:
                       ----------
                      /          \
                     /    REST    \
                    /      IN      \
                   /     PEACE      \
                  /                  \
                  |   Ch3Begorrah    |
                  |      163 Au      |
                  |   killed by a    |
                  |    killer bee    |
                  |                  |
                  |                  |
                  |       2026       |
                 *|     *  *  *      | *
        _________)/\\_//(\/(/\)/\//\/|_)_______

Goodbye Ch3Begorrah the Rogue...

You died in The Dungeons of Doom on dungeon level 7 with 1301 points,
and 163 pieces of gold, after 3170 moves.
You were level 5 with a maximum of 50 hit points when you died.

